 Dungeon Crawl Stone Soup version 0.13-a0-2910-g7a74111 (webtiles) character file.

92 PolkaDot the Sneak (level 3, 0/22 HPs)
             Began as a Vampire Wizard on Sept 1, 2013.
             Slain by an adder skeleton (3 damage)
             ... on Level 4 of the Dungeon.
             The game lasted 00:06:05 (1297 turns).

PolkaDot the Sneak (Vampire Wizard)                 Turns: 1297, Time: 00:06:05

HP   0/22        AC  1     Str  6      XL: 3   Next: 39%
MP   2/10        EV 12     Int 21      God:
Gold 48          SH  0     Dex 12      Spells:  3 memorised,  1 level left

Res.Fire  : . . .   See Invis. : +   (no weapon)
Res.Cold  : . . .   Warding    : .   a - +0 robe
Life Prot.: . . .   Conserve   : .   (no shield)
Res.Poison: .       Res.Corr.  : .   b - +0 wizard hat
Res.Elec. : .       Clarity    : .   (no cloak)
Sust.Abil.: . .     Spirit.Shd : .   e - -2 pair of gauntlets (curse)
Res.Mut.  : .       Stasis     : .   (no boots)
Res.Rott. : .       Flight     : .   (no amulet)
Saprovore : . . .                    (no ring)
                                     (no ring)

@: regenerating quickly, mildly poisoned, slightly resistant to hostile
enchantments, stealthy
A: fangs 3, see invisible, unbreathing
a: no special abilities


You were on level 4 of the Dungeon.
You were very full.

You visited 1 branch of the dungeon, and saw 4 of its levels.

You collected 28 gold pieces.

Inventory:

Armour
 a - a +0 robe (worn)
 b - a +0 wizard hat (worn)
 e - a cursed -2 pair of gauntlets (worn)
Scrolls
 h - a scroll of random uselessness
 j - a scroll of identify {unknown}
Jewellery
 i - a cursed ring of hunger {unknown}
Books
 c - a book of Minor Magic

   Spells                             Type                      Level
   *Magic Dart                        Conjuration                  1
   Blink                              Translocation                2
   Call Imp                           Summoning                    2
   Repel Missiles                     Charms/Air                   2
   Slow                               Hexes                        2
   *Conjure Flame                     Conjuration/Fire             3
   *Mephitic Cloud                    Conjuration/Poison/Air       3


   Skills:
 - Level 2.1 Dodging
 - Level 3.0 Stealth
 - Level 3.0 Spellcasting
 * Level 2.4 Conjurations
   Level 1.0 Summonings
   Level 0.7 Translocations


You had one spell level left.
You knew the following spells:

 Your Spells              Type           Power        Failure   Level  Hunger
a - Magic Dart            Conj           ##..         6%          1    None
d - Mephitic Cloud        Conj/Pois/Air  #.......     30%         3    ###....
s - Conjure Flame         Conj/Fire      #.......     30%         3    ###....


Dungeon Overview and Level Annotations

Branches:
Dungeon (4/27)
 Temple: D:4-7

Altars:
Yredelemnul

Annotations:
D:4 Menkaure, Pikel


Innate Abilities, Weirdness & Mutations

Your natural rate of healing is unusually fast.
You have razor-sharp teeth.*
You have supernaturally acute eyesight.
You can survive without breathing.*


Message History

Confirm with . or Enter, or press ? or * to list all spells.
You don't have enough magic to cast that spell.
Menkaure comes into view.
* * * LOW HITPOINT WARNING * * *
You feel sick.
Sorry, you're too full to transform right now.
Menkaure shouts!
The adder skeleton barely misses you.
Menkaure casts a spell.
Menkaure seems to speed up.
Found 16 gold pieces.
* * * LOW HITPOINT WARNING * * *
You feel sick.
Your magical contamination has completely faded away.
A hound comes into view.
A slave opens the door.
The slave turns to fight!
* * * LOW HITPOINT WARNING * * *
You feel sick. The adder skeleton closely misses you.
The adder skeleton bites you.
You die...

. ...## (.. ##....
... ...$..# ..####
.......# .......
#.......# .......
@.......+ .......
#.......##........
#.......K@........
####.......z......h..
#...................
##....M......#.......
.@...........#.......
.............#......
............######
...........@#
............#


You could see Pikel, a slave, Menkaure, a hound (sleeping) and an adder
skeleton.

Vanquished Creatures
  2 adders
  A giant cockroach (D:1)
  3 goblins
  4 hobgoblins
  6 jackals
  3 bats
  A giant gecko (D:1)
  A giant newt (D:1)
  3 kobolds
  A rat (D:3)
25 creatures vanquished.

Notes
Turn   | Place    | Note
--------------------------------------------------------------
     0 | D:1      | PolkaDot, the Vampire Wizard, began the quest for the Orb.
     0 | D:1      | Reached XP level 1. HP: 11/11 MP: 6/6
   101 | D:1      | Reached skill level 1 in Conjurations
   333 | D:1      | Reached XP level 2. HP: 17/17 MP: 6/8
  1146 | D:3      | Reached XP level 3. HP: 22/22 MP: 6/10
  1189 | D:3      | Learned a level 3 spell: Conjure Flame
  1193 | D:3      | Learned a level 3 spell: Mephitic Cloud
  1235 | D:4      | Found a basalt altar of Yredelemnul.
  1288 | D:4      | Noticed a slave
  1288 | D:4      | Noticed Pikel
  1288 | D:4      | Noticed a slave
  1288 | D:4      | Noticed a slave
  1289 | D:4      | Noticed a slave
  1291 | D:4      | Noticed Menkaure
  1297 | D:4      | Slain by an adder skeleton

Action                   || total
-------------------------++-------
Melee: Unarmed           ||     4
 Cast: Magic Dart        ||    71
       Conjure Flame     ||     1
  Use: Scroll            ||     7
       Potion            ||     4
